Cogmind - Beta 10.2 @@@ ROGUE MODE // 2021.07.19 @ 20:07:16 Player: Sanctumkeeper Result: Destroyed by G-67 Veteran with Electrolaser Performance ------------- Evolutions (7) 3500 Regions Visited (24) 4800 Robots Destroyed (277) 1385 Value Destroyed (12560) 12560 Prototype IDs (218) 4360 Alien Tech Used (0) 0 Bonus (8063) 8063 TOTAL SCORE: 34668 Bonus ------- High Alert Combat Kills 639 Follower Combat Kills 724 Entered Garrisons 1000 Used RIF Installer 2500 Met Data Miner 300 Used Data Conduit 3000 Friendly Fire -100 Cogmind --------- Core Integrity 0/1300 Matter 168/300 Energy 100/100 System Corruption 41% Temperature Cool (0) Movement Core (50) Location -3/Armory Parts ------- > --- POWER (1) -------- (None) > --- PROPULSION (4) --- (None) > --- UTILITY (12) ----- Relay Coupler [NC] (29) > --- WEAPON (4) ------- (None) > --- INVENTORY (4) ---- Light Particle Reactor Plasma Rifle Plasma Rifle Hypervelocity Railgun Peak State ------------ > --- POWER ------------ Micro Fission Core > --- PROPULSION ------- Biometal Medium Treads Biometal Medium Treads Armored Heavy Treads > --- UTILITY ---------- Improved Heat Sink Improved Cooling System High-capacity Storage Unit Matter Compressor Long-range Sensor Array Advanced Signal Interpreter Advanced Terrain Scan Processor Improved Target Analyzer Advanced Force Field Relay Coupler [NC] Relay Coupler [Hunter] System Backup Module > --- WEAPON ----------- Hypervelocity Railgun Hypervelocity Railgun Hypervelocity Railgun Hypervelocity Railgun > --- INVENTORY -------- Micro Fission Core Medium Treads Antigrav System Long-range Sensor Array Relay Coupler [NC] Plasma Rifle Plasma Rifle Nova Cannon Hypervelocity Railgun Hypervelocity Railgun Hypervelocity Railgun Improved Remote Datajack [Rating: 123] Favorites ----------- Power Micro Nuclear Core Engine Improved Ion Engine Power Core Micro Nuclear Core Reactor Antimatter Reactor Propulsion Light Treads Treads Light Treads Leg Carbon-fiber Leg Wheel Wheel Hover Unit Antigrav System Utility Large Storage Unit Device Advanced Sensor Array Storage Large Storage Unit Processor Advanced Signal Interpreter Hackware Relay Coupler [NC] Protection Improved Light Armor Plating Weapon Gauss Rifle Energy Gun EM Shotgun Energy Cannon Nova Cannon Ballistic Gun Gauss Rifle Launcher Improved Grenade Launcher Special Weapon Remote Datajack Slashing Weapon Chainsword Special Melee Weapon Improved Datajack Build | -11 -10 -10 -9 -9 -8 -8 -8 -7 -7 -7 -7 -6 -6 -6 -6 -6 -5 -5 -5 -5 -4 -4 -3 -3 ------- Run | Scr Mat Min Mat Sto Mat Gar Mat Fac Low Low Dat Pro Fac Gar Fac Gar Fac Was Fac Gar Fac Gar Res Arm Slots Evolved 14 | . . . 2 . 2 . . 2 . . . . 2 . . . 2 . . . 2 . 2 . Power . | . . . . . . . . . . . . . . . . . . . . . . . . . Propulsion 2 | . . . 1 . . . . . . . . . . . . . . . . . 1 . . . Utility 10 | . . . 1 . 2 . . 1 . . . . 2 . . . 1 . . . 1 . 2 . Weapon 2 | . . . . . . . . 1 . . . . . . . . 1 . . . . . . . Parts Attached 338 | 6 6 6 20 16 5 7 26 44 1 11 8 14 5 29 9 . 17 9 . 7 6 25 42 19 Power 28 | 1 1 1 2 3 1 2 5 2 . . 1 . . 1 . . . 1 . 1 . 4 . 2 Engine 10 | 1 1 1 2 3 1 . . . . . . . . . . . . . . . . 1 . . Core 15 | . . . . . . 2 5 2 . . 1 . . 1 . . . . . . . 3 . 1 Reactor 3 | . . . . . . . . . . . . . . . . . . 1 . 1 . . . 1 Propulsion 80 | 2 . 2 10 9 1 2 8 6 . 2 . 2 1 10 3 . 3 3 . 2 3 5 4 2 Treads 71 | 1 . 2 10 9 1 2 8 6 . 2 . 2 . 4 3 . 3 3 . 2 3 5 4 1 Leg 7 | . . . . . . . . . . . . . 1 6 . . . . . . . . . . Wheel 1 | 1 . . . . . . . . . . . . . . . . . . . . . . . . Hover 1 | . . . . . . . . . . . . . . . . . . . . . . . . 1 Flight . | . . . . . . . . . . . . . . . . . . . . . . . . . Utility 121 | 1 4 . 3 . 3 . 6 24 1 3 4 9 2 13 2 . 8 3 . 3 . 8 21 3 Device 53 | . 1 . . . . . . 9 1 2 3 6 . 4 1 . 4 1 . 1 . 5 13 2 Storage 12 | 1 3 . 3 . 1 . 1 1 . . . . . . . . . . . . . . 2 . Processor 5 | . . . . . . . . 1 . . . . . . . . 1 . . . . 2 1 . Hackware 7 | . . . . . . . 1 1 . . . . . 2 . . . . . . . . 2 1 Protection 44 | . . . . . 2 . 4 12 . 1 1 3 2 7 1 . 3 2 . 2 . 1 3 . Artifact . | . . . . . . . . . . . . . . . . . . . . . . . . . Weapon 109 | 2 1 3 5 4 . 3 7 12 . 6 3 3 2 5 4 . 6 2 . 1 3 8 17 12 Energy Gun 9 | . . 3 3 . . . . . . . . . . . . . . . . . . 1 2 . Energy Cannon 3 | . . . . . . . . . . . . . . . . . . . . . . . 1 2 Ballistic Gun 79 | 2 1 . 2 4 . 3 5 11 . 3 3 2 2 4 3 . 5 1 . 1 2 5 11 9 Ballistic Cannon . | . . . . . . . . . . . . . . . . . . . . . . . . . Launcher 3 | . . . . . . . 1 . . 1 . . . . . . . . . . . 1 . . Special Weapon 8 | . . . . . . . . 1 . . . . . . 1 . 1 1 . . . . 3 1 Impact Weapon . | . . . . . . . . . . . . . . . . . . . . . . . . . Slashing Weapon 6 | . . . . . . . . . . 2 . 1 . 1 . . . . . . 1 1 . . Piercing Weapon . | . . . . . . . . . . . . . . . . . . . . . . . . . Special Melee Weapon 1 | . . . . . . . 1 . . . . . . . . . . . . . . . . . Unidentified Prototypes 2 | . . . . . . . . 1 . . . . . . . . . . . . . . 1 . Parts Lost 130 | . 1 6 4 9 1 4 10 11 . 2 . 7 4 8 3 1 4 . . 3 3 19 8 22 Power 9 | . 1 1 . 2 . . . . . . . . . 1 . . . . . . . 2 . 2 Propulsion 40 | . . 2 1 3 1 2 6 5 . 1 . 4 1 . 1 . . . . . 1 5 2 5 Utility 38 | . . . . . . . 2 2 . 1 . 2 1 4 1 1 4 . . 2 . 4 3 11 Weapon 43 | . . 3 3 4 . 2 2 4 . . . 1 2 3 1 . . . . 1 2 8 3 4 Highest Loss Streak 11 | . 1 3 2 6 1 1 4 4 . 1 . 3 3 3 2 1 1 . . 3 2 11 3 10 Average Slot Usage (%) 92 | . 95 97 99 96 99 99 99 99 100 99 86 78 67 92 99 94 97 83 82 78 73 79 88 71 Engine 2 | . 14 13 11 8 8 4 . . . . . . . . . . . . . . . 1 . . Core 4 | . . . . . . 4 9 7 7 7 7 7 6 6 6 6 5 1 . . . 2 4 3 Treads 18 | . 14 21 32 32 27 26 26 22 23 23 23 7 3 2 20 20 16 12 11 11 10 14 13 10 Leg 1 | . . . . . . . . . . . . . 2 17 . . . . . . . . . . Device 7 | . 1 . . . . . . 4 7 13 12 8 2 8 12 7 10 7 11 6 10 18 21 14 Storage 22 | . 21 28 33 33 36 36 36 23 23 23 23 23 20 20 20 20 17 17 17 12 10 7 5 7 Processor 4 | . . . . . . . . 7 7 7 7 7 6 1 . . 4 5 5 5 5 12 14 11 Hackware 1 | . . . . . . . . 5 7 1 . . . 3 6 6 5 1 . . . . 3 7 Protection 4 | . . . . . 9 9 8 3 . . 1 . 5 14 12 13 10 6 5 10 10 3 5 . Energy Gun 1 | . . 16 17 . . . . . . . . . . . . . . . . . . 2 2 . Ballistic Gun 17 | . 28 11 4 21 18 17 17 22 23 19 3 22 19 17 18 20 20 17 23 23 18 9 13 12 Naked Turns . | . . . . . . . . . . . . . . . . . . . . . . . . . Heaviest Build 147 | 11 56 61 93 91 117 117 117 89 83 93 93 102 105 94 96 96 105 145 145 147 132 126 104 96 Greatest Support 140 | 20 10 40 60 60 60 60 60 62 62 62 60 60 20 60 60 60 63 93 93 100 140 130 130 130 Greatest Overweight (x) 34 | 1 5 5 2 1 1 1 1 1 1 1 1 5 34 5 1 1 2 2 1 4 1 2 1 . Average Overweight (x) 1 | . 2 2 1 1 1 1 1 1 1 1 1 3 4 1 1 1 1 1 1 1 . . . . Largest Inventory Capacity 32 | 6 18 18 26 26 32 32 32 32 24 24 24 24 24 24 24 24 24 24 24 24 18 18 12 12 Average Capacity 22 | 5 12 18 25 26 31 32 32 24 24 24 24 24 24 24 24 24 24 24 24 19 18 15 12 10 Most Carried 32 | 4 14 18 26 26 26 30 32 28 24 24 24 19 19 24 24 24 24 24 24 24 18 15 12 12 Average Carried 20 | 2 8 14 24 25 23 27 30 23 23 23 22 16 16 21 23 23 23 23 24 17 16 11 11 9 Final Capacity 32 | 6 18 18 26 26 32 32 32 24 24 24 24 24 24 24 24 24 24 24 24 18 18 12 12 4 Final Carried 30 | 4 14 17 26 24 26 30 29 24 24 24 19 17 19 24 24 24 24 24 24 18 14 12 12 4 Class Distribution -------------------- 25% | Hauler-Mutant 17% | Hauler-Skirmisher 15% | Scavenger-Tank 10% | Scavenger-Mutant 8% | Mutant 8% | Scavenger-Skirmisher 3% | Hauler-Tank 3% | Hauler-Assassin Dominant Class ---------------- Mutant | -10/Materials Mutant | -10/Mines Hauler-Mutant | -9/Materials Hauler-Mutant | -9/Storage Hauler-Mutant | -8/Materials Hauler-Mutant | -8/Garrison Hauler-Mutant | -8/Materials Scavenger-Skirmisher | -7/Factory Hauler-Skirmisher | -7/Lower Caves Hauler-Skirmisher | -7/Lower Caves Hauler-Assassin | -7/Data Miner Hauler-Skirmisher | -6/Proximity Caves Hauler-Tank | -6/Factory Scavenger-Tank | -6/Garrison Scavenger-Tank | -6/Factory Scavenger-Tank | -6/Garrison Scavenger-Tank | -5/Factory Scavenger-Skirmisher | -5/Waste Scavenger-Skirmisher | -5/Factory Scavenger-Tank | -5/Garrison Scavenger-Tank | -4/Factory Scavenger-Mutant | -4/Garrison Scavenger-Skirmisher | -3/Research Scavenger-Mutant | -3/Armory Resources | -11 -10 -10 -9 -9 -8 -8 -8 -7 -7 -7 -7 -6 -6 -6 -6 -6 -5 -5 -5 -5 -4 -4 -3 -3 ----------- Run | Scr Mat Min Mat Sto Mat Gar Mat Fac Low Low Dat Pro Fac Gar Fac Gar Fac Was Fac Gar Fac Gar Res Arm Matter Collected 11527 | 217 531 95 449 359 123 239 803 1135 269 358 243 368 341 1041 277 341 588 602 . 627 . 662 1417 442 Remotely 789 | . . . . . . . . . . . . . . . . . 588 201 . . . . . . Salvage Created 13870 | . 397 242 1179 782 155 426 1187 1183 55 308 90 405 606 921 577 328 535 658 . 920 . 830 1670 416 Parts 694 | . 26 13 65 59 9 16 60 58 2 17 2 18 34 39 26 13 26 15 . 39 . 30 115 12 Haulers Intercepted 6 | . 2 . 1 . . . 2 1 . . . . . . . . . . . . . . . . Recyclers Shooed 11 | . 1 . 2 1 . . 3 2 . . . . 1 . . . 1 . . . . . . . Parts Field Recycled . | . . . . . . . . . . . . . . . . . . . . . . . . . Retrieved Matter . | . . . . . . . . . . . . . . . . . . . . . . . . . Parts Self-Destructed 40 | . . . . . . . . . 4 20 . 16 . . . . . . . . . . . . Prevented . | . . . . . . . . . . . . . . . . . . . . . . . . . Kills | -11 -10 -10 -9 -9 -8 -8 -8 -7 -7 -7 -7 -6 -6 -6 -6 -6 -5 -5 -5 -5 -4 -4 -3 -3 ------- Run | Scr Mat Min Mat Sto Mat Gar Mat Fac Low Low Dat Pro Fac Gar Fac Gar Fac Was Fac Gar Fac Gar Res Arm Combat Hostiles Destroyed 243 | . 11 7 19 18 3 8 24 22 1 8 1 6 9 18 5 5 8 3 . 20 . 13 28 6 Melee 5 | . . . . . . . 1 . . . . . . . . . . . . . . 3 . 1 Guns 227 | . 11 5 18 18 3 8 20 22 1 5 1 6 9 18 5 5 8 3 . 20 . 8 28 5 AOE 11 | . . 2 1 . . . 3 . . 3 . . . . . . . . . . . 2 . . Classes Destroyed 19 | . 4 1 4 2 1 . 1 1 . 1 . 1 . . . . . 1 . . . . . 2 Worker 6 | . . . . 2 . . . 2 . . . . . . . . . . . . . . 2 . Builder 3 | . . . . . . . 1 1 . . . . 1 . . . . . . . . . . . Tunneler 1 | . 1 . . . . . . . . . . . . . . . . . . . . . . . Hauler 6 | . 2 . 1 . . . 2 1 . . . . . . . . . . . . . . . . Recycler 7 | . . . 3 . . . 1 1 . . . . . . 2 . . . . . . . . . Minesweeper 1 | . . . . . . . . . . 1 . . . . . . . . . . . . . . Operator 5 | . . . 1 1 . . 1 . . . . . . . 1 . . . . . . . 1 . Watcher 4 | . . . 1 . . . 2 . . . . . . . 1 . . . . . . . . . Swarmer 57 | . 6 3 3 4 . . 8 4 . 4 . . . 6 . . 1 . . 9 . . 9 . Saboteur 1 | . . . . . . . . . . . . . . . . . . . . . . . . 1 Grunt 91 | . 5 2 7 6 1 5 11 6 1 3 . 3 6 7 3 5 3 . . 9 . 5 3 . Brawler 13 | . . . 3 . . 1 . 1 . . . . . 3 . . 1 . . . . 1 . 3 Duelist 7 | . . . . 1 . 1 . 1 . 1 . . 1 . . . . . . 1 . . 1 . Sentry 45 | . . 2 6 7 1 1 5 7 . . . 1 1 2 1 . 3 . . . . 4 4 . Specialist 1 | . . . . . . . . . . . . . . . . . . . . . . . . 1 Hunter 3 | . . . . . 1 . . . . . . 1 . . . . . . . . . . . 1 Programmer 18 | . . . . . . . . 3 . . . . 1 . 1 . . . . . . 2 11 . Behemoth 3 | . . . . . . . . . . . . 1 . . . . . . . 1 . 1 . . Compactor 3 | . . . . . . . . . . . . . . . . . . 3 . . . . . . Enhanced Grunt 1 | . . . . . . . . . . . 1 . . . . . . . . . . . . . Best Kill Streak 13 | . 3 3 6 5 1 2 5 5 1 3 1 3 4 4 5 3 3 1 . 13 . 6 6 4 Combat Bots Only 13 | . 3 3 5 4 1 2 5 5 1 3 1 3 3 4 3 3 3 1 . 13 . 6 5 4 Max Kills in Single Turn 3 | . 1 2 2 2 1 1 2 1 1 3 1 1 1 2 1 1 2 1 . 2 . 3 2 1 Gunslinging 1 | . . . . 1 . . . . . . . . . 1 . . 1 . . 1 . . . . Exploded 3 | . . 2 1 . . . 2 . . 3 . . . . . . . . . . . 2 . . Melee 1 | . . . . . . . 1 . . . . . . . . . . . . . . 1 . 1 Uniques/NPCs Destroyed 1 | . . . . . . . . . . . 1 . . . . . . . . . . . . . Data Miner (-7/Data Miner) Combat | -11 -10 -10 -9 -9 -8 -8 -8 -7 -7 -7 -7 -6 -6 -6 -6 -6 -5 -5 -5 -5 -4 -4 -3 -3 -------- Run | Scr Mat Min Mat Sto Mat Gar Mat Fac Low Low Dat Pro Fac Gar Fac Gar Fac Was Fac Gar Fac Gar Res Arm Damage Taken 27052 | . 554 425 984 1479 377 644 2176 2004 29 313 505 1436 606 1712 576 342 736 . . 2028 1143 3293 2479 3211 Core 3635 | . 94 124 172 196 . 46 254 249 . 15 137 183 16 197 51 18 108 . . 58 103 302 67 1245 Absorbed by Shields 88 | . . . . . . 18 . . . . . . . . . . . . . . . . 70 . Core Remaining (%) 49 | 100 . 12 . 8 . . 45 . . . . 16 . . . 66 . . . 83 . 64 . . Volleys Fired 859 | . 45 17 69 74 13 41 126 72 4 9 12 21 19 61 22 17 26 23 . 35 2 36 77 38 Largest 4 | . 2 2 2 2 2 2 2 3 3 3 3 3 3 3 3 3 4 3 . 4 4 4 4 4 Hottest 219 | . 40 90 90 46 46 46 46 81 84 84 84 84 84 84 79 79 114 86 . 114 109 126 219 160 Shots Fired 2094 | . 90 31 122 144 26 63 225 211 13 28 33 58 56 166 62 44 85 56 1 130 8 100 260 82 Gun 2059 | . 90 31 122 144 26 63 222 209 13 27 33 58 56 166 60 44 79 49 1 130 8 97 255 76 Cannon 8 | . . . . . . . . . . . . . . . . . . . . . . . 2 6 Launcher 7 | . . . . . . . 3 . . 1 . . . . . . . . . . . 3 . . Special 20 | . . . . . . . . 2 . . . . . . 2 . 6 7 . . . . 3 . Kinetic 1948 | . 90 16 46 144 26 63 222 209 13 27 33 58 56 166 60 44 79 49 1 130 8 96 236 76 Thermal 25 | . . . . . . . . . . . . . . . . . . . . . . 1 18 6 Explosive 7 | . . . . . . . 3 . . 1 . . . . . . . . . . . 3 . . Electromagnetic 94 | . . 15 76 . . . . . . . . . . . . . . . . . . . 3 . Robot Hit Streak 29 | . 6 19 21 19 12 9 19 15 22 5 11 25 28 12 12 10 17 22 . 13 9 29 15 14 Robot Miss Streak 9 | . 4 3 2 4 2 1 3 3 2 2 2 1 2 9 4 2 4 3 . 5 1 2 5 5 Penetration Max 1 | . . . . . . . . . . 1 . . 1 1 . 1 1 . . 1 . . 1 1 Secondary Targets 43 | . 1 1 2 4 . . 2 4 . . . 1 . 5 1 2 2 1 . 9 . 3 4 1 Max Gunslinging Chain 2 | . 1 1 1 1 . . 1 1 . . . 1 . 1 1 1 1 1 . 2 . 1 1 1 Shots Hit Robots 1576 | . 53 23 105 111 20 45 173 159 10 18 28 49 39 104 52 32 72 51 . 93 7 97 179 56 Core Hits 740 | . 19 11 59 45 8 17 67 73 2 14 7 16 19 68 34 20 53 21 . 55 1 39 69 23 Critical Hits 52 | . . . . . . 2 1 1 . 1 2 1 1 2 2 1 . . . . . 4 8 26 Critical Kills 8 | . . . . . . . 1 . . . . . 1 . . 1 . . . . . . 3 2 Critical Parts Destroyed 29 | . . . . . . 2 . 1 . 1 1 . . 2 1 . . . . . . 4 4 13 Melee Attacks 37 | . . . . . . . 1 . . 5 9 1 . . . . . . . . 1 16 4 . Impact . | . . . . . . . . . . . . . . . . . . . . . . . . . Slashing 36 | . . . . . . . . . . 5 9 1 . . . . . . . . 1 16 4 . Piercing . | . . . . . . . . . . . . . . . . . . . . . . . . . Sneak Attacks 4 | . . . . . . . 1 . . 1 1 . . . . . . . . . . 1 . . Combat Hostiles 1 | . . . . . . . . . . . . . . . . . . . . . . 1 . . Follow-up Attacks . | . . . . . . . . . . . . . . . . . . . . . . . . . Damage Inflicted 29885 | . 598 384 1388 1107 243 749 2516 2389 209 641 662 1073 1021 2473 941 529 1473 1277 . 2059 99 3211 4370 473 Guns 27382 | . 588 275 1245 1063 243 749 2252 2313 155 369 540 1073 1021 2473 813 529 1473 1277 . 2059 99 1958 4358 457 Cannons . | . . . . . . . . . . . . . . . . . . . . . . . . . Explosions 1237 | . . 87 114 . . . 249 . . 148 . . . . 122 . . . . . . 517 . . Melee 982 | . . . . . . . . . . 124 122 . . . . . . . . . . 736 . . Ramming 284 | . 10 22 29 44 . . 15 76 54 . . . . . 6 . . . . . . . 12 16 Kinetic 25854 | . 588 82 295 1063 243 749 2252 2313 155 369 540 1073 1021 2473 813 529 1473 1277 . 2059 99 1935 3996 457 Thermal 568 | . . 87 114 . . . . . . . . . . . . . . . . . . 23 344 . Explosive 914 | . . . . . . . 249 . . 148 . . . . . . . . . . . 517 . . Electromagnetic 1283 | . . 193 950 . . . . . . . . . . . 122 . . . . . . . 18 . Impact . | . . . . . . . . . . . . . . . . . . . . . . . . . Slashing 982 | . . . . . . . . . . 124 122 . . . . . . . . . . 736 . . Piercing . | . . . . . . . . . . . . . . . . . . . . . . . . . Highest Corruption 41 | . 3 3 4 4 . . 2 7 7 7 7 7 8 15 15 15 . 6 6 6 . . 14 41 Average Corruption 7 | . 2 3 3 4 . . 1 5 7 7 7 7 7 12 15 15 . 6 6 6 . . 6 18 Corruption Purged 5 | . . . . . . . . . . . . . . . . . . . . . . . 2 3 Effects 648 | . 2 15 26 28 . . 9 53 29 57 42 57 10 90 46 16 . 13 5 28 . . 70 52 Message Errors 108 | . 1 7 7 6 . . 1 11 8 6 9 12 4 15 3 2 . 1 1 7 . . 2 5 Matter Fused 135 | . . 4 9 9 . . . 12 7 16 13 17 3 10 13 2 . 2 . 4 . . 10 4 Heat Flow Errors 60 | . . . 1 4 . . 3 5 4 5 3 9 1 8 3 1 . 2 . 2 . . 5 4 Energy Discharges 61 | . . 2 3 1 . . 1 6 2 9 6 6 . 7 3 3 . . 1 2 . . 5 4 Parts Rejected 5 | . . . . . . . . 1 . . . . . 2 . . . . . . . . 2 . Data Loss (minor) 56 | . 1 1 2 . . . 1 5 3 9 7 4 . 7 3 . . 2 . 3 . . 5 3 Data Loss (major) 17 | . . . . . . . . 3 1 3 1 1 . 1 . . . . 2 1 . . 1 3 Misfires 22 | . . . . . . . . 2 1 3 2 3 . 4 2 2 . 1 1 . . . 1 . Alerts 1 | . . . . . . . . . . . . . . . 1 . . . . . . . . . Misdirections 21 | . . . . . . . . . . . . . . 5 7 . . . . . . . . 9 Targeting Errors 132 | . . 1 3 5 . . 3 6 3 6 1 5 2 27 9 5 . 5 . 8 . . 29 14 Weapon Failures 30 | . . . 1 3 . . . 2 . . . . . 4 2 1 . . . 1 . . 10 6 Overload Shots . | . . . . . . . . . . . . . . . . . . . . . . . . . Overflow Damage 105 | . . . . 8 . . 17 . 9 65 . . . . . . . . . . . 6 . . Projectiles . | . . . . . . . . . . . . . . . . . . . . . . . . . Explosions 31 | . . . . . . . 17 . . 14 . . . . . . . . . . . . . . Melee 74 | . . . . 8 . . . . 9 51 . . . . . . . . . . . 6 . . Knockbacks 1 | . . . . . . . . . 1 . . . . . . . . . . . . . . . Impact 1 | . . . . . . . . . 1 . . . . . . . . . . . . . . . Kinetic . | . . . . . . . . . . . . . . . . . . . . . . . . . Secondary . | . . . . . . . . . . . . . . . . . . . . . . . . . Self-Inflicted Damage 130 | . . 38 33 . . . . . . 52 . . . . . . . . . . . . . 7 Shots 3 | . . 1 1 . . . . . . 1 . . . . . . . . . . . . . . Rammed 33 | . 1 3 1 2 . . 2 11 6 . . . . . 1 . . . . . 1 . 2 3 Targets Rammed 37 | . 1 3 1 2 . . 3 13 6 . . . . . 2 . . . . . 1 . 2 3 Kicked . | . . . . . . . . . . . . . . . . . . . . . . . . . Crushed 4 | . . . . . . . 1 2 . . . . . . 1 . . . . . . . . . Highest Temperature 308 | . 12 83 162 300 4 41 263 250 264 256 230 242 239 248 167 129 108 308 . 205 . 2 177 293 Average Temperature 68 | . 6 32 47 81 4 14 57 42 80 73 117 85 87 102 69 78 44 149 . 26 . 2 69 107 Received Heat Transfer 5478 | . 150 147 336 399 72 252 1035 543 18 36 66 261 180 453 102 144 165 . . 372 81 462 138 66 Effects 8 | . . . . . . . . 1 . 1 1 3 . 1 . . . 1 . . . . . . Energy Bleed 3 | . . . . . . . . . . 1 . . . 1 . . . 1 . . . . . . Interference 5 | . . . . . . . . 1 . . 1 3 . . . . . . . . . . . . Siege Activations . | . . . . . . . . . . . . . . . . . . . . . . . . . Robots Corrupted . | . . . . . . . . . . . . . . . . . . . . . . . . . Combat Hostiles . | . . . . . . . . . . . . . . . . . . . . . . . . . Parts Fried 7 | . . 1 5 . . . . . . . . . . . 1 . . . . . . . . . Impact Corruptions 5 | . . . . 1 . . . . 4 . . . . . . . . . . . . . . . Robots Melted . | . . . . . . . . . . . . . . . . . . . . . . . . . Combat Hostiles . | . . . . . . . . . . . . . . . . . . . . . . . . . Parts Melted 4 | . . . . . . . . . . . . . . . . . . . . . . . 4 . Heat Transferred 607 | . . 50 50 . . . . . . . . . . . . . . . . . . 50 457 . Parts Sabotaged 2 | . . . . . . . . . . . . . . . . . . . . . . . . 2 Parts Stolen . | . . . . . . . . . . . . . . . . . . . . . . . . . Parts Stripped . | . . . . . . . . . . . . . . . . . . . . . . . . . Power Chain Reactions 3 | . . 1 2 . . . . . . . . . . . . . . . . . . . . . Missiles Intercepted . | . . . . . . . . . . . . . . . . . . . . . . . . . Alert | -11 -10 -10 -9 -9 -8 -8 -8 -7 -7 -7 -7 -6 -6 -6 -6 -6 -5 -5 -5 -5 -4 -4 -3 -3 ------- Run | Scr Mat Min Mat Sto Mat Gar Mat Fac Low Low Dat Pro Fac Gar Fac Gar Fac Was Fac Gar Fac Gar Res Arm Peak Influence 779 | . 279 124 253 416 210 371 507 593 . . . . 248 779 687 511 328 139 . 415 266 395 558 434 Initial 405 | . . 34 15 86 115 136 180 145 . . . . . 33 405 361 268 114 . . 217 172 222 292 Average 278 | . 156 41 134 256 136 249 354 437 . . . . 50 398 538 425 255 120 . 319 237 269 266 265 Maximum Alert Level 3 | . 1 . 1 2 1 1 2 2 . . . . 1 3 2 2 1 . . 2 1 1 2 2 Low Security (%) 35 | 100 62 100 73 12 87 44 14 8 . . . . 93 17 . . 18 100 100 20 . 47 10 24 Level 1 41 | . 37 . 26 85 12 55 55 22 . . . . 6 48 . 27 81 . . 43 100 52 81 73 Level 2 21 | . . . . 2 . . 30 69 . . . . . 15 100 72 . . . 36 . . 7 2 Level 3 1 | . . . . . . . . . . . . . . 18 . . . . . . . . . . Level 4 . | . . . . . . . . . . . . . . . . . . . . . . . . . Level 5 . | . . . . . . . . . . . . . . . . . . . . . . . . . High Security . | . . . . . . . . . . . . . . . . . . . . . . . . . Max Security . | . . . . . . . . . . . . . . . . . . . . . . . . . Squads Dispatched 36 | . 2 . 3 2 1 . 3 10 . . . . 3 . 1 . 1 . . . 3 . 5 2 Investigation 2 | . . . . 1 . . . . . . . . . . . . . . . . 1 . . . Extermination 9 | . . . . . . . . 3 . . . . 2 . . . . . . . . . 3 1 Reinforcement 15 | . 2 . 3 1 . . 3 . . . . . . . 1 . 1 . . . 1 . 2 1 Assault 2 | . . . . . . . . 2 . . . . . . . . . . . . . . . . Garrison 8 | . . . . . 1 . . 5 . . . . 1 . . . . . . . 1 . . . Intercept . | . . . . . . . . . . . . . . . . . . . . . . . . . Construction Impeded 1 | . . . . . . . . . . . . . . . . . 1 . . . . . . . Haulers Reinforced . | . . . . . . . . . . . . . . . . . . . . . . . . . Stealth | -11 -10 -10 -9 -9 -8 -8 -8 -7 -7 -7 -7 -6 -6 -6 -6 -6 -5 -5 -5 -5 -4 -4 -3 -3 --------- Run | Scr Mat Min Mat Sto Mat Gar Mat Fac Low Low Dat Pro Fac Gar Fac Gar Fac Was Fac Gar Fac Gar Res Arm Distress Signals 18 | . . . 4 1 . . 4 2 . . . . . . . . 1 . . . . . 3 3 Communications Jammed . | . . . . . . . . . . . . . . . . . . . . . . . . . Distress Signals . | . . . . . . . . . . . . . . . . . . . . . . . . . Times Spotted 385 | . 23 7 28 20 3 9 41 39 2 11 3 6 12 30 10 5 15 4 . 21 8 13 44 31 Peak Tracking Total 16 | . 3 3 5 4 2 3 5 6 1 5 1 3 5 5 3 3 7 2 . 13 7 8 8 16 Tactical Retreats 27 | . 3 . . 1 . 1 5 1 1 1 2 . 2 2 . . 1 . . 1 . 1 4 1 Traps | -11 -10 -10 -9 -9 -8 -8 -8 -7 -7 -7 -7 -6 -6 -6 -6 -6 -5 -5 -5 -5 -4 -4 -3 -3 ------- Run | Scr Mat Min Mat Sto Mat Gar Mat Fac Low Low Dat Pro Fac Gar Fac Gar Fac Was Fac Gar Fac Gar Res Arm Traps Triggered 37 | . 2 . 3 2 . 7 2 1 . . . . 2 6 1 2 3 . . 3 . . 3 . Indirectly . | . . . . . . . . . . . . . . . . . . . . . . . . . Trap Hack Attempts . | . . . . . . . . . . . . . . . . . . . . . . . . . Triggered . | . . . . . . . . . . . . . . . . . . . . . . . . . Disarmed . | . . . . . . . . . . . . . . . . . . . . . . . . . Reprogrammed . | . . . . . . . . . . . . . . . . . . . . . . . . . Reused 1 | . . . . . . . . . . . 1 . . . . . . . . . . . . . Traps Extracted . | . . . . . . . . . . . . . . . . . . . . . . . . . Installed 5 | . . . . . . . . . . . 5 . . . . . . . . . . . . . Triggered 2 | . . . . . . . . . 2 . . . . . . . . . . . . . . . Machines | -11 -10 -10 -9 -9 -8 -8 -8 -7 -7 -7 -7 -6 -6 -6 -6 -6 -5 -5 -5 -5 -4 -4 -3 -3 ---------- Run | Scr Mat Min Mat Sto Mat Gar Mat Fac Low Low Dat Pro Fac Gar Fac Gar Fac Was Fac Gar Fac Gar Res Arm Machines Disabled 18 | . . . 2 . . 2 1 . . . . . . 2 8 1 1 . . . . . 1 . Max in Single Turn 4 | . . . 1 . . 1 1 . . . . . . 1 4 1 1 . . . . . 1 . Garrison Access 1 | . . . . . . . . 1 . . . . . . . . . . . . . . . . Garrison Relay 5 | . . . . . . 2 . . . . . . . 2 . 1 . . . . . . . . Machines Sabotaged . | . . . . . . . . . . . . . . . . . . . . . . . . . Garrisons Compromised . | . . . . . . . . . . . . . . . . . . . . . . . . . Overloaded Fab Kills . | . . . . . . . . . . . . . . . . . . . . . . . . . Fab Network Shutdowns 1 | . . . . . . . . 1 . . . . . . . . . . . . . . . . Hacking | -11 -10 -10 -9 -9 -8 -8 -8 -7 -7 -7 -7 -6 -6 -6 -6 -6 -5 -5 -5 -5 -4 -4 -3 -3 --------- Run | Scr Mat Min Mat Sto Mat Gar Mat Fac Low Low Dat Pro Fac Gar Fac Gar Fac Was Fac Gar Fac Gar Res Arm Machines Accessed 41 | . 4 . 2 8 1 . 2 12 . . 4 . 1 . 1 . . . 2 . 2 . 2 . Terminals 23 | . 3 . 2 8 . . 1 7 . . . . . . . . . . . . . . 2 . Fabricators 2 | . . . . . . . . 1 . . . . . . . . . . 1 . . . . . Repair Stations 2 | . . . . . . . . 1 . . . . . . . . . . . . 1 . . . Recycling Units 3 | . 1 . . . . . . 2 . . . . . . . . . . . . . . . . Scanalyzers 1 | . . . . . . . 1 . . . . . . . . . . . . . . . . . Garrison Access 6 | . . . . . 1 . . 1 . . . . 1 . 1 . . . 1 . 1 . . . Total Hacks 98 | . 8 . 5 16 1 . 3 27 . . 25 . 1 . 1 . . . 3 . 4 . 4 . Successful 59 | . 3 . 3 9 1 . 1 11 . . 25 . 1 . 1 . . . 1 . 2 . 1 . Failed 39 | . 5 . 2 7 . . 2 16 . . . . . . . . . . 2 . 2 . 3 . Catastrophic 6 | . . . 1 2 . . . 2 . . . . . . . . . . . . . . 1 . Database Lockouts . | . . . . . . . . . . . . . . . . . . . . . . . . . Manual 34 | . 7 . 5 7 . . 1 11 . . . . . . . . . . . . . . 3 . Terminals 48 | . 7 . 5 16 . . 2 14 . . . . . . . . . . . . . . 4 . Fabricators 3 | . . . . . . . . 1 . . . . . . . . . . 2 . . . . . Repair Stations 6 | . . . . . . . . 3 . . . . . . . . . . . . 3 . . . Recycling Units 8 | . 1 . . . . . . 7 . . . . . . . . . . . . . . . . Scanalyzers 1 | . . . . . . . 1 . . . . . . . . . . . . . . . . . Garrison Access 7 | . . . . . 1 . . 2 . . . . 1 . 1 . . . 1 . 1 . . . Terminal Hacks 33 | . . . 1 6 . . . . . . 25 . . . . . . . . . . . 1 . Record 11 | . . . . . . . . . . . 11 . . . . . . . . . . . . . Part Schematic 5 | . . . . . . . . . . . 5 . . . . . . . . . . . . . Robot Schematic 6 | . . . . . . . . . . . 6 . . . . . . . . . . . . . Prototype ID Bank 3 | . . . . . . . . . . . 3 . . . . . . . . . . . . . Open Door 3 | . . . . 3 . . . . . . . . . . . . . . . . . . . . Level Access Points 1 | . . . . 1 . . . . . . . . . . . . . . . . . . . . Branch Access Points 3 | . . . 1 1 . . . . . . . . . . . . . . . . . . 1 . Zone Layout 1 | . . . . 1 . . . . . . . . . . . . . . . . . . . . Fabricator Hacks 1 | . . . . . . . . 1 . . . . . . . . . . . . . . . . Build 1 | . . . . . . . . 1 . . . . . . . . . . . . . . . . Repair Station Hacks 2 | . . . . . . . . 1 . . . . . . . . . . . . 1 . . . Scan Component 2 | . . . . . . . . 1 . . . . . . . . . . . . 1 . . . Recycling Unit Hacks 4 | . 1 . . . . . . 3 . . . . . . . . . . . . . . . . Report Inventory 2 | . 1 . . . . . . 1 . . . . . . . . . . . . . . . . Retrieve Matter 1 | . . . . . . . . 1 . . . . . . . . . . . . . . . . Retrieve Components 1 | . . . . . . . . 1 . . . . . . . . . . . . . . . . Scanalyzer 1 | . . . . . . . 1 . . . . . . . . . . . . . . . . . Insert Component 1 | . . . . . . . 1 . . . . . . . . . . . . . . . . . Garrison Access Hacks 7 | . . . . . 1 . . 2 . . . . 1 . 1 . . . 1 . 1 . . . Unlock Access 5 | . . . . . 1 . . . . . . . 1 . 1 . . . 1 . 1 . . . Seal Access 1 | . . . . . . . . 1 . . . . . . . . . . . . . . . . Coupler Status 1 | . . . . . . . . 1 . . . . . . . . . . . . . . . . Unauthorized Hacks 11 | . 2 . 2 3 . . . 4 . . . . . . . . . . . . . . . . Terminals 11 | . 2 . 2 3 . . . 4 . . . . . . . . . . . . . . . . Botnet 10 | . 2 . 2 3 . . . 3 . . . . . . . . . . . . . . . . Operators 1 | . . . . . . . . 1 . . . . . . . . . . . . . . . . Fabricators . | . . . . . . . . . . . . . . . . . . . . . . . . . Repair Stations . | . . . . . . . . . . . . . . . . . . . . . . . . . Recycling Units . | . . . . . . . . . . . . . . . . . . . . . . . . . Scanalyzers . | . . . . . . . . . . . . . . . . . . . . . . . . . Garrison Access . | . . . . . . . . . . . . . . . . . . . . . . . . . Data Cores Recovered . | . . . . . . . . . . . . . . . . . . . . . . . . . Used . | . . . . . . . . . . . . . . . . . . . . . . . . . Hacking Detections 27 | . 3 . 2 6 . . 1 9 . . . . 1 . . . . . 1 . 2 . 2 . Full Trace Events 2 | . . . . 1 . . . . . . . . . . . . . . . . 1 . . . Feedback Events . | . . . . . . . . . . . . . . . . . . . . . . . . . Feedback Blocked . | . . . . . . . . . . . . . . . . . . . . . . . . . Robot Schematics Acquired 6 | . . . . . . . . . . . 6 . . . . . . . . . . . . . Robots Built 3 | . . . . . . . . 3 . . . . . . . . . . . . . . . . Matter 252 | . . . . . . . . 252 . . . . . . . . . . . . . . . . Time 134 | . . . . . . . . 134 . . . . . . . . . . . . . . . . Total Robot Build Rating 12 | . . . . . . . . 12 . . . . . . . . . . . . . . . . Part Schematics Acquired 5 | . . . . . . . . . . . 5 . . . . . . . . . . . . . Parts Built . | . . . . . . . . . . . . . . . . . . . . . . . . . Matter . | . . . . . . . . . . . . . . . . . . . . . . . . . Time . | . . . . . . . . . . . . . . . . . . . . . . . . . Total Part Build Rating . | . . . . . . . . . . . . . . . . . . . . . . . . . Parts Repaired . | . . . . . . . . . . . . . . . . . . . . . . . . . Time . | . . . . . . . . . . . . . . . . . . . . . . . . . Parts Recycled . | . . . . . . . . . . . . . . . . . . . . . . . . . Recycled Matter . | . . . . . . . . . . . . . . . . . . . . . . . . . Retrieved Matter . | . . . . . . . . . . . . . . . . . . . . . . . . . Retrieved Components 2 | . . . . . . . . 2 . . . . . . . . . . . . . . . . Parts Scanalyzed . | . . . . . . . . . . . . . . . . . . . . . . . . . Part Schematics Acquired . | . . . . . . . . . . . . . . . . . . . . . . . . . Parts Damaged . | . . . . . . . . . . . . . . . . . . . . . . . . . Bothacking | -11 -10 -10 -9 -9 -8 -8 -8 -7 -7 -7 -7 -6 -6 -6 -6 -6 -5 -5 -5 -5 -4 -4 -3 -3 ------------ Run | Scr Mat Min Mat Sto Mat Gar Mat Fac Low Low Dat Pro Fac Gar Fac Gar Fac Was Fac Gar Fac Gar Res Arm Used RIF Installer 5 | . . . . . . 1 . . . . . . . 1 . 1 . . . 1 . 1 . . Hotswap 1 | . . . . . . . . . . . . . . . . . . . . 1 . . . . Command Fork 1 | . . . . . . . . . . . . . . . . . . . . . . 1 . . Robot Detection 1 | . . . . . . . . . . . . . . 1 . . . . . . . . . . Autooverride 1 | . . . . . . . . . . . . . . . . 1 . . . . . . . . Robots Hacked 14 | . . . . . . . 1 1 . . . . . . . . 3 6 . . . . 3 . Non-combat 7 | . . . . . . . 1 1 . . . . . . . . 3 . . . . . 2 . Combat 7 | . . . . . . . . . . . . . . . . . . 6 . . . . 1 . Robot Hacks Applied 15 | . . . . . . . 1 1 . . . . . . . . 3 7 . . . . 3 . find_chute 1 | . . . . . . . . . . . . . . . . . 1 . . . . . . . purge_threat 1 | . . . . . . . 1 . . . . . . . . . . . . . . . . . block_reporting 2 | . . . . . . . . . . . . . . . . . 1 . . . . . 1 . map_route 2 | . . . . . . . . 1 . . . . . . . . . . . . . . 1 . ignore_targets 7 | . . . . . . . . . . . . . . . . . . 7 . . . . . . link_fov 1 | . . . . . . . . . . . . . . . . . 1 . . . . . . . formatsys_high 1 | . . . . . . . . . . . . . . . . . . . . . . . 1 . Relay Couplers Released 30 | . . . . . . 8 . 3 . . . . . 10 4 5 . . . . . . . . Machine Destruction 23 | . . . . . . 8 . . . . . . . 10 . 5 . . . . . . . . Programmers 7 | . . . . . . . . 3 . . . . . . 4 . . . . . . . . . Attached 7 | . . . . . . . 1 1 . . . . . 2 . . . . . . . . 2 1 Robots Rewired 11 | . . . . . . . . . . . . . . 7 . . . . . . . . . 4 Allies Hacked . | . . . . . . . . . . . . . . . . . . . . . . . . . Hacks Repelled . | . . . . . . . . . . . . . . . . . . . . . . . . . Allies | -11 -10 -10 -9 -9 -8 -8 -8 -7 -7 -7 -7 -6 -6 -6 -6 -6 -5 -5 -5 -5 -4 -4 -3 -3 -------- Run | Scr Mat Min Mat Sto Mat Gar Mat Fac Low Low Dat Pro Fac Gar Fac Gar Fac Was Fac Gar Fac Gar Res Arm Total Allies 16 | . . . . . . . . 3 . . . . . 7 . . . 1 . . . . 1 4 Largest Group 4 | . . . . . . . . 3 . . . . . 3 2 . . 1 . . . . 1 4 Highest-Rated Group 188 | . . . . . . . . 90 . . . . . 123 77 . . 31 . . . . 56 188 Highest-Rated Ally 56 | . . . . . . . . 30 . . . . . 41 41 . . 31 . . . . 56 47 Total Orders 5 | . . . . . . . . . . . . . . 5 . . . . . . . . . . STAY 2 | . . . . . . . . . . . . . . 2 . . . . . . . . . . FOLLOW 3 | . . . . . . . . . . . . . . 3 . . . . . . . . . . Ally Attacks 151 | . . . . . . . . 10 . . . . . 63 14 . . 30 . . . . 4 30 Total Damage 3853 | . . . . . . . . 269 . . . . . 1771 404 . . 572 . . . . 122 715 Kills 19 | . . . . . . . . . . . . . . 14 2 . . . . . . . . 3 Allies Corrupted 2 | . . . . . . . . . . . . . . 1 . . . . . . . . . 1 Allies Melted . | . . . . . . . . . . . . . . . . . . . . . . . . . Intel | -11 -10 -10 -9 -9 -8 -8 -8 -7 -7 -7 -7 -6 -6 -6 -6 -6 -5 -5 -5 -5 -4 -4 -3 -3 ------- Run | Scr Mat Min Mat Sto Mat Gar Mat Fac Low Low Dat Pro Fac Gar Fac Gar Fac Was Fac Gar Fac Gar Res Arm Robot Analysis Total 115 | . . . . . . . . . . . 115 . . . . . . . . . . . . . Derelict Logs Recovered 4 | . . . . . . . . . 1 3 . . . . . . . . . . . . . . Drone Launches . | . . . . . . . . . . . . . . . . . . . . . . . . . Drone Recoveries . | . . . . . . . . . . . . . . . . . . . . . . . . . Exploration | -11 -10 -10 -9 -9 -8 -8 -8 -7 -7 -7 -7 -6 -6 -6 -6 -6 -5 -5 -5 -5 -4 -4 -3 -3 ------------- Run | Scr Mat Min Mat Sto Mat Gar Mat Fac Low Low Dat Pro Fac Gar Fac Gar Fac Was Fac Gar Fac Gar Res Arm Turns Passed 22119 | 43 808 924 1309 889 303 820 1385 2451 836 1538 1349 1682 541 1323 573 344 741 437 144 941 99 792 1320 527 Spaces Moved 9782 | 34 566 532 566 360 140 381 530 1161 462 822 229 666 165 571 268 157 338 196 80 438 50 357 462 251 Core 119 | 3 . . . . . . . . . . . . 1 . . . . . . . . . . 115 Treads 8262 | 3 . 291 566 360 140 381 530 1161 462 822 229 666 102 75 268 157 338 196 80 438 50 357 462 128 Legs 558 | . . . . . . . . . . . . . 62 496 . . . . . . . . . . Wheels 835 | 28 566 241 . . . . . . . . . . . . . . . . . . . . . . Hover 8 | . . . . . . . . . . . . . . . . . . . . . . . . 8 Flight . | . . . . . . . . . . . . . . . . . . . . . . . . . Fastest Speed 50 | 50 90 130 180 180 180 180 180 175 175 175 180 180 240 150 180 180 180 180 180 160 160 160 150 50 Average Speed 174 | 89 108 159 180 180 180 180 180 176 175 175 180 238 262 165 180 180 180 180 180 180 160 163 156 103 Slowest Speed 1750 | 160 130 220 200 180 180 180 180 180 175 180 180 260 1750 270 180 180 200 200 180 240 180 200 175 165 Overloaded Moves . | . . . . . . . . . . . . . . . . . . . . . . . . . Propulsion Burnouts . | . . . . . . . . . . . . . . . . . . . . . . . . . Robots Hopped . | . . . . . . . . . . . . . . . . . . . . . . . . . Cave-ins Triggered . | . . . . . . . . . . . . . . . . . . . . . . . . . Exploration Rate (%) 43 | 3 83 91 52 63 13 37 36 33 68 90 80 82 6 52 11 34 17 94 4 53 3 37 19 19 Regions Visited 24 Branch Regions 7 Pre-discovered Areas 28 | . . 1 . . . . . . . . 27 . . . . . . . . . . . . . Known Exits Taken 13 | . . . 1 1 1 . . 1 1 1 1 1 1 . 1 . . . 1 . 1 . 1 . Unknown Exits Taken 4 | 1 1 1 . . . . 1 . . . . . . . . . . . . . . . . . Scrap Searched 12 | . . 2 . . . . . . 6 3 . 1 . . . . . . . . . . . . Spaces Dug 17 | . . . . . . . . . . 3 . 1 . 2 . . . . . . 1 . 5 5 Terrain Destroyed 84 | . . 4 8 . . . 22 . . 14 . 1 1 3 . . . . . 3 1 16 6 5 Melee 8 | . . . . . . . . . . 3 . 1 . . . . . . . . 1 . 3 . Projectile 19 | . . . . . . . . . . 1 . . 1 3 . . . . . 3 . 3 3 5 AOE 57 | . . 4 8 . . . 22 . . 10 . . . . . . . . . . . 13 . . Terrain Rammed . | . . . . . . . . . . . . . . . . . . . . . . . . . Walls Destroyed . | . . . . . . . . . . . . . . . . . . . . . . . . . Machines Disabled . | . . . . . . . . . . . . . . . . . . . . . . . . . Actions | -11 -10 -10 -9 -9 -8 -8 -8 -7 -7 -7 -7 -6 -6 -6 -6 -6 -5 -5 -5 -5 -4 -4 -3 -3 --------- Run | Scr Mat Min Mat Sto Mat Gar Mat Fac Low Low Dat Pro Fac Gar Fac Gar Fac Was Fac Gar Fac Gar Res Arm Total 13282 | 44 674 578 756 487 166 454 750 1425 478 892 1128 717 231 842 320 187 430 246 80 513 62 475 898 449 Wait 1574 | . 43 9 50 13 . 1 23 68 1 26 854 9 36 25 5 9 24 . 1 17 1 26 274 59 Move 9754 | 33 565 531 565 359 139 379 529 1160 461 821 228 665 164 569 267 155 338 195 79 436 49 355 461 251 Hop . | . . . . . . . . . . . . . . . . . . . . . . . . . Pick Up 253 | 5 10 10 25 13 6 9 21 32 2 10 3 2 7 35 6 1 13 4 . 6 1 11 18 3 Fast Attach 74 | 5 2 1 4 3 . 1 . 4 . . . . . 13 4 . 4 4 . 2 . 13 12 2 Attach 126 | 1 1 5 6 9 4 5 10 14 . 2 2 9 4 11 2 . 5 1 . 2 4 11 9 9 Detach 21 | . 1 . . . 1 1 . 1 . . . 5 . 2 1 . . . . 1 . 1 5 2 Swap 138 | . 3 . 10 4 1 1 16 26 1 9 6 5 1 5 3 . 8 4 . 3 2 1 21 8 Drop 220 | . 3 2 20 10 2 2 21 35 3 10 9 . . 32 8 1 12 15 . 5 1 5 15 9 Fire 859 | . 45 17 69 74 13 41 126 72 4 9 12 21 19 61 22 17 26 23 . 35 2 36 77 38 Melee 37 | . . . . . . . 1 . . 5 9 1 . . . . . . . . 1 16 4 . Ram 3 | . . . . . . . . . . . . . . . . . . . . . . . . 3 Kick . | . . . . . . . . . . . . . . . . . . . . . . . . . Crush 34 | . 1 3 1 2 . . 3 13 6 . . . . . 2 . . . . . 1 . 2 . Escape Stasis 54 | . . . . . . 14 . . . . . . . 30 . 4 . . . 6 . . . . Rewire 130 | . . . 6 . . . . . . . . . . 59 . . . . . . . . . 65 Trap 5 | . . . . . . . . . . . 5 . . . . . . . . . . . . . Miscellaneous . | . . . . . . . . . . . . . . . . . . . . . . . . . Route ------- -11/Scrapyard -10/Materials (discovered 3 exits: *Mat x2 / [*Min]) -10/Mines (discovered 2 exits: *Mat x2) -9/Materials (discovered 4 exits: *Mat / *Min / *Sto x2) -9/Storage (discovered 2 exits: *Mat / Rec) -8/Materials -8/Garrison -8/Materials -7/Factory (discovered 3 exits: *Fac / *Low x2) -7/Lower Caves -7/Lower Caves (discovered 2 exits: *Fac / *Dat) -7/Data Miner -6/Proximity Caves -6/Factory -6/Garrison -6/Factory -6/Garrison -5/Factory -5/Waste -5/Factory -5/Garrison -4/Factory -4/Garrison -3/Research (discovered 4 exits: [*Res] / *Arm / Tes x2) -3/Armory History --------- Turn | Location | Event 21 | -11/Scrapyard | Discovered new exit (range 16) 44 | -11/Scrapyard | Entered Materials 312 | -10/Materials | Build established: Mutant 379 | -10/Materials | Discovered new exit (range 15) 662 | -10/Materials | Discovered new exit (range 5) 811 | -10/Materials | Discovered new exit (range 10) 852 | -10/Materials | Entered Mines 979 | -10/Mines | Learned location of Storage (-9) 1142 | -10/Mines | A weapon hastily lodged in a ceiling crevice suddenly fell to the ground 1217 | -10/Mines | Core integrity fell below 50% 1255 | -10/Mines | Lost 3 parts (1n2w) 1381 | -10/Mines | Discovered new exit (range 12) 1664 | -10/Mines | Discovered new exit (range 12) 1677 | -10/Mines | Joined a pair of Derelicts in attacking an 0b10 outpost 1700 | -10/Mines | Core integrity fell below 20% 1730 | -10/Mines | Lost 3 parts (1p1n1w) 1776 | -10/Mines | Entered Materials 1776 | -9/Materials | Evolved 2 slots: Propulsion x1, Utility x1 2057 | -9/Materials | Build established: Hauler-Mutant 2059 | -9/Materials | Discovered new exit (range 7) 2237 | -9/Materials | Discovered new exit (range 16) 2456 | -9/Materials | Identified exit to Mines 2456 | -9/Materials | Identified exit to Storage 3085 | -9/Materials | Entered Storage 3182 | -9/Storage | Core integrity fell below 50% 3742 | -9/Storage | Identified exit to Recycling 3742 | -9/Storage | Identified exit to Materials 3854 | -9/Storage | Core integrity fell below 20% 3881 | -9/Storage | Lost 6 parts (3n3w) 3974 | -9/Storage | Entered Materials 3974 | -8/Materials | Evolved 2 slots: Utility x2 4122 | -8/Materials | Identified exit to Garrison 4193 | -8/Materials | Garrison activated, responded to threat 4277 | -8/Materials | Entered Garrison 4286 | -8/Garrison | Installed Relay Interface Framework 4380 | -8/Garrison | Triggered checkpoint 4535 | -8/Garrison | Discovered new exit (range 15) 4610 | -8/Garrison | Triggered checkpoint 4654 | -8/Garrison | Garrison Relay disabled 4830 | -8/Garrison | Triggered checkpoint 4884 | -8/Garrison | Garrison Relay disabled 5097 | -8/Garrison | Entered Materials 5783 | -8/Materials | Lost 4 parts (3n1u) 5993 | -8/Materials | Discovered new exit (range 16) 6280 | -8/Materials | Core integrity fell below 50% 6482 | -8/Materials | Entered Factory 6482 | -7/Factory | Evolved 2 slots: Utility x1, Weapon x1 6685 | -7/Factory | Local fabrication network quarantined 6770 | -7/Factory | Fabricated L-41 Fighter? 6792 | -7/Factory | Build established: Bothacker-Skirmisher 7072 | -7/Factory | Garrison activated, responded to threat 7121 | -7/Factory | Lost 4 parts (1n1u2w) 7168 | -7/Factory | Lost 3 parts (1n1u1w) 7575 | -7/Factory | Build established: Scavenger-Skirmisher 7771 | -7/Factory | Discovered new exit (range 16) 7771 | -7/Factory | Discovered new exit (range 76) 8266 | -7/Factory | Garrison activated, responded to threat 8396 | -7/Factory | Identified exit to Lower Caves 8777 | -7/Factory | Discovered new exit (range 16) 8802 | -7/Factory | Identified exit to Factory 8803 | -7/Factory | Build established: Hauler-Skirmisher 8882 | -7/Factory | First assault squad dispatched 8933 | -7/Factory | Entered Lower Caves 9145 | -7/Lower Caves | Encountered a Warlord checkpoint 9666 | -7/Lower Caves | Discovered new exit (range 12) 9767 | -7/Lower Caves | Identified exit to Lower Caves 9769 | -7/Lower Caves | Entered another Lower Caves area 9918 | -7/Lower Caves | Encountered a Warlord checkpoint 9923 | -7/Lower Caves | Discovered exit to Factory (range 14) 10014 | -7/Lower Caves | Attracted the attention of an 0b10 checkpoint 10437 | -7/Lower Caves | Learned Factory interactive machine intel 10685 | -7/Lower Caves | Learned Factory machine intel 10972 | -7/Lower Caves | Discovered new exit (range 6) 10981 | -7/Lower Caves | Identified exit to Data Miner 11046 | -7/Lower Caves | Build established: Hauler-Mutant 11296 | -7/Lower Caves | Learned Factory terminal intel 11307 | -7/Lower Caves | Entered Data Miner 11308 | -7/Data Miner | Discovered new exit (range 6) 11343 | -7/Data Miner | Met Data Miner 11377 | -7/Data Miner | Learned location of Section 7 (-2) 11377 | -7/Data Miner | Acquired the access code to Warlord's prototype stash 11407 | -7/Data Miner | Received God Mode back door access code from Data Miner 11742 | -7/Data Miner | Build established: Hauler-Assassin 12414 | -7/Data Miner | Destroyed Data Miner 12417 | -7/Data Miner | Interfaced with the Data Conduit 12507 | -7/Data Miner | Core integrity fell below 50% 12652 | -7/Data Miner | Identified exit to Proximity Caves 12656 | -7/Data Miner | Entered Proximity Caves 12692 | -6/Proximity Caves | Lost 3 parts (2n1u) 12779 | -6/Proximity Caves | Lost 3 parts (2n1u) 13067 | -6/Proximity Caves | Build established: Hauler-Skirmisher 13178 | -6/Proximity Caves | Spotted B-75 Beast 13196 | -6/Proximity Caves | Core integrity fell below 20% 13204 | -6/Proximity Caves | Destroyed B-75 Beast 13609 | -6/Proximity Caves | Attracted the attention of an 0b10 checkpoint 14297 | -6/Proximity Caves | Discovered exit to Factory (range 14) 14338 | -6/Proximity Caves | Entered Factory 14338 | -6/Factory | Evolved 2 slots: Utility x2 14339 | -6/Factory | Loaded intel: 216 machine locations 14340 | -6/Factory | Loaded intel: 46 interactive machine locations 14341 | -6/Factory | Loaded intel: 20 terminal locations 14663 | -6/Factory | Garrison activated, responded to threat 14720 | -6/Factory | Lost 3 parts (1n1u1w) 14794 | -6/Factory | Identified exit to Garrison 14879 | -6/Factory | Entered Garrison 14880 | -6/Garrison | Loaded intel: 22 machine locations 14893 | -6/Garrison | Expanded RIF knowledge: Robot Detection 14909 | -6/Garrison | Triggered checkpoint 14929 | -6/Garrison | Build established: Hauler-Tank 14993 | -6/Garrison | Triggered checkpoint 15006 | -6/Garrison | Triggered checkpoint 15251 | -6/Garrison | System corruption reached 10% 15289 | -6/Garrison | Lost 3 parts (1p1u1w) 15495 | -6/Garrison | Garrison Relay disabled 15552 | -6/Garrison | Build established: Scavenger-Mutant 15639 | -6/Garrison | Garrison Relay disabled 15714 | -6/Garrison | Spotted B-75 Beast 15734 | -6/Garrison | Triggered checkpoint 15754 | -6/Garrison | Allies destroyed B-75 Beast 15754 | -6/Garrison | Triggered checkpoint 15858 | -6/Garrison | Triggered checkpoint 15976 | -6/Garrison | Discovered new exit (range 15) 16020 | -6/Garrison | Build established: Scavenger-Tank 16202 | -6/Garrison | Entered Factory 16202 | -6/Factory | Accompanied by 2 allies 16203 | -6/Factory | Loaded intel: 244 machine locations 16769 | -6/Factory | Identified exit to Garrison 16775 | -6/Factory | Entered Garrison 16776 | -6/Garrison | Loaded intel: 19 machine locations 16784 | -6/Garrison | Expanded RIF knowledge: Autooverride 16855 | -6/Garrison | Triggered checkpoint 16953 | -6/Garrison | Discovered new exit (range 10) 16989 | -6/Garrison | Triggered checkpoint 17056 | -6/Garrison | Garrison Relay disabled 17119 | -6/Garrison | Entered Factory 17119 | -5/Factory | Evolved 2 slots: Utility x1, Weapon x1 17120 | -5/Factory | Identified exit to Extension 17121 | -5/Factory | Loaded intel: 261 machine locations 17361 | -5/Factory | Build established: Scavenger-Mutant 17860 | -5/Factory | Sucked down chute 17860 | -5/Factory | Entered Waste 17861 | -5/Waste | Met a frightened Derelict 17875 | -5/Waste | EMP discharged 17876 | -5/Waste | Spotted C-40 Crusher 17878 | -5/Waste | Spotted C-40 Crusher 17917 | -5/Waste | Spotted C-40 Crusher 17927 | -5/Waste | Spotted C-40 Crusher 17946 | -5/Waste | Destroyed C-40 Crusher 17970 | -5/Waste | Found Damper Plating 17975 | -5/Waste | EMP discharged 17978 | -5/Waste | Spotted C-40 Crusher 18033 | -5/Waste | Spotted C-40 Crusher 18067 | -5/Waste | Discovered new exit (range 16) 18075 | -5/Waste | EMP discharged 18101 | -5/Waste | Destroyed C-40 Crusher 18129 | -5/Waste | Found Damper Plating 18175 | -5/Waste | EMP discharged 18222 | -5/Waste | Destroyed C-40 Crusher 18247 | -5/Waste | Found Damper Plating 18275 | -5/Waste | EMP discharged 18295 | -5/Waste | Identified exit to Factory 18297 | -5/Waste | Entered Factory 18298 | -5/Factory | Loaded intel: 274 machine locations 18389 | -5/Factory | Build established: Scavenger-Skirmisher 18433 | -5/Factory | Identified exit to Garrison 18441 | -5/Factory | Entered Garrison 18442 | -5/Garrison | Loaded intel: 18 machine locations 18448 | -5/Garrison | Triggered checkpoint 18538 | -5/Garrison | Triggered checkpoint 18611 | -5/Garrison | Spotted B-75 Beast 18670 | -5/Garrison | Destroyed B-75 Beast 18690 | -5/Garrison | Triggered checkpoint 18694 | -5/Garrison | Destroyed 13 combat bots 18694 | -5/Garrison | Lost 3 parts (2u1w) 18786 | -5/Garrison | Discovered new exit (range 14) 18808 | -5/Garrison | Identified exit to Factory 18819 | -5/Garrison | Expanded RIF knowledge: Hotswap 18856 | -5/Garrison | Build established: Scavenger-Tank 19022 | -5/Garrison | Triggered checkpoint 19382 | -5/Garrison | Entered Factory 19382 | -4/Factory | Evolved 2 slots: Propulsion x1, Utility x1 19383 | -4/Factory | Loaded intel: 211 machine locations 19444 | -4/Factory | Garrison activated, responded to threat 19479 | -4/Factory | Identified exit to Garrison 19481 | -4/Factory | Entered Garrison 19482 | -4/Garrison | Loaded intel: 21 machine locations 19537 | -4/Garrison | Spotted B-86 Titan 19679 | -4/Garrison | Destroyed B-86 Titan 19707 | -4/Garrison | Lost 11 parts (1p3n2u5w) 19760 | -4/Garrison | Triggered checkpoint 19931 | -4/Garrison | Lost 6 parts (1p1n2u2w) 19942 | -4/Garrison | Triggered checkpoint 20061 | -4/Garrison | Build established: Scavenger-Mutant 20101 | -4/Garrison | Discovered new exit (range 15) 20162 | -4/Garrison | Identified exit to Research 20172 | -4/Garrison | Expanded RIF knowledge: Command Fork 20273 | -4/Garrison | Entered Research 20273 | -3/Research | Evolved 2 slots: Utility x2 20274 | -3/Research | Loaded intel: 93 machine locations 21076 | -3/Research | Identified exit to Armory 21076 | -3/Research | Identified exit to Testing 21194 | -3/Research | Lost 3 parts (2u1w) 21392 | -3/Research | System corruption reached 10% 21592 | -3/Research | Discovered new exit (range 8) 21593 | -3/Research | Entered Armory 21594 | -3/Armory | Loaded intel: 80 machine locations 21976 | -3/Armory | Lost 10 parts (1p2n6u1w) 22022 | -3/Armory | System corruption reached 30% 22061 | -3/Armory | Lost 9 parts (1p2n3u3w) 22085 | -3/Armory | Core integrity fell below 50% 22115 | -3/Armory | Core integrity fell below 20% 22120 | -3/Armory | Destroyed by G-67 Veteran with Electrolaser Last Messages --------------- 22076_ Penetrated by Slug. 22076_ Lrn. Sensor Array destroyed. 22076_ Slug penetrates Wall. 22078_ ,B2MFPQ PQQD97M/=Z,NRLAIWU4O Q 22079_ Penetrated by Slug. 22079_ Slug penetrates Wall. 22081_ Penetrated by Slug. 22087_ Slug penetrates Wall. 22093_ ALERT: Rogue bot located, Programmers report to Armory Zone 8J. 22094_ System corrupted: Energy discharge (-21). 22094_ Penetrated by Slug. 22094_ Slug penetrates Wall. 22100_ Penetrated by Slug. 22103_ Slug penetrates Wall. 22110_ System corrupted: Matter fused (-9). 22111_ Slammed into S-43 Plague. 22112_ Destabilizing: Core damaged (-13). 22117_ Adv. Signal Interpreter destroyed. 22117_ Arsenal Racks disabled. 22120_ Slammed into G-73 Enforcer. Map ----- +----------------------------------------------------+ | ?????????????????????????????????????"""""???????? | | ?????????????????????????????????????????????????? | | "?"??????????????????????????????????????????????? | | "R"??????????????????????????????????????????????? | | """??????????????????????????????????????????????? | | ?????????????????????????????????????????????????? | | ?????????????????????????????????????????????????? | | ?????????????????????????????????????????????????? | | ?????????????????????????????????????????????????? | | ?????????????????????????????????????????????????? | | ?????????????????????????????????????????????????? | | ?????????????????????????????????????????????????? | | ?????????????????????????????????????????????????? | | ?????????????????????????????????????????????????? | | ?????????????????????????????????????????????????? | | ?????????????????????????????????????????????????? | | ?????????????????????????????????????????????????? | | ??????????????????????????????????????"???"??????? | | ??????????????????????????????????????"???"????""" | | ??????????????????????????????????????"???"????""" | | ?????????????###############???????????????????""" | | ?????????????# """"""" #?????????????????????? | | ?"???????????# """"""" #?????????????????????? | | ?"???????????# " """"" g #?????????????????????? | | ?"???????????# gs #########????#+#??##### | | ?"???????????# ss@ p p # #??# | | ?????????????# g # ## p]][[[ # #??# | | ???????"""""?############### #????][[[ # #??# | | ???????"""F""??????????????# #???????? # #??? | | ???????"""?""??????????????# #????#+#???# ####?? | | ???????????????????????????# #????# #???# +???? | | ???????????????????????????# #????# #???# #???? | | ?"""????"""""??????????????# #???## ##??# ##### | | ?"""????"""""??????????????# ##### #??# | | ?"""????"""""??????????????# #??# | | ????????"""""??????????????####### = #??# | | ?????????????????????????????????## ##??# ######## | | ??????????????????????????????????# #???# #??????? | | ??????????????????????????######### ##### ####??"" | | ??????????????????? +?""T | | ??????????????????????????####################?""? | | ?????????????????????????????????????????????????? | | ?????????????????????????????????????????????????? | | ?????????????????????????????????????????????????? | | ?????????????????????????????????????????????????? | | | | | | | | | | | +----------------------------------------------------+ Best States ------------- Heat Dissipation 126 Energy Generation 21 Energy Capacity 325 Matter Stores 387 Matter Capacity 550 Sight Range 16 Robot Scan Range 20 Terrain Scan Range 20 Terrain Scan Density 210 ECM Strength 1 Corruption Prevention 12 Armor Coverage 1350 Resistance: EM 90 Weapon Shielding 66 Evasion (%) 53 Target Analysis 6 Recoil Reduction 4 Matter Filtering 30 Relay Coupler Types 32 Relay Coupler Value 2 Item Schematics ----------------- Combat Drone Bay | -7/Data Miner | Free Lgt. Regenerative Plating | -7/Data Miner | Free Exp. Terrain Scan Processor | -7/Data Miner | Free Exp. ECM Suite | -7/Data Miner | Free Cloaking Device | -7/Data Miner | Free Robot Schematics ------------------ S-27 Virus | -7/Data Miner | Free G-50 Soldier | -7/Data Miner | Free X-72 Disruptor | -7/Data Miner | Free P-70 Sage | -7/Data Miner | Free I-36 Angel | -7/Data Miner | Free I-47 Archangel | -7/Data Miner | Free Fabricated ------------ L-41 Fighter | x3 | -7/Factory | Preloaded Alien Tech Used ----------------- None Achievements -------------- None Challenges ------------ None Game ------ Seed FusionAdvancedRipper Manual? 0 Play Time 02:22:57 Cumulative 178.2 hours Start 2021.07.18 @ 16:32:55 End 2021.07.19 @ 20:07:16 Sessions 9 Manual Loads 0 Difficulty Rogue Special Mode None Game No. 129 Rogue 129 Adventurer 0 Explorer 0 Win Type - Total 6 Types 5/0/0/0/0/0/0/1/0 Lore% 81 Gallery% 70 Achievement% 58 Wizard Run 0 Options --------- ASCII 0 Keyboard 1 Movement Arrows Keybinds 0 Fullscreen 1 Font 18/SmallcapsGlow Map View 76x50 Tactical HUD 1 Map Filters NONE Filters NONE Steam 1 RUN: 96354f56-5953-484c-9c5a-94ec9ca8e453